 Dungeon Crawl Stone Soup version 0.31-a0-801-gc67433417a (webtiles) character file.

Game seed: 1880666181422789868

76 Ivernyr the Slasher (level 4, -2/23 HPs)
             Began as a Vine Stalker Gladiator on Sept 20, 2023.
             Killed by divine providence
             ... invoked by an orc priest
              (10 damage)
             ... on level 3 of the Dungeon.
             The game lasted 00:03:15 (1369 turns).

Ivernyr the Slasher (Vine Stalker Gladiator)        Turns: 1369, Time: 00:03:15

Health: -2/23      AC:  5    Str: 17    XL:     4   Next: 32%
Magic:  0/5        EV: 12    Int:  8    God:
Gold:   107        SH:  0    Dex: 17    Spells: 3/3 levels left

rFire   . . .        a - +0 long sword
rCold   . . .        (no shield)
rNeg    . . .        b - +0 troll leather armour
rPois   .            c - +0 helmet
rElec   .            (no cloak)
rCorr   .            h - +0 pair of gloves
SInv    .            (no boots)
Will    .....        (no amulet)
Stlth   +            (no ring)
HPRegen 1.83/turn    (no ring)
MPRegen 0.09/turn

%: guardian spirit
@: no status effects
A: fangs 2, regeneration 1, magic shield, antimagic bite, no potion heal 2
a: no special abilities


You were on level 3 of the Dungeon.
You visited 1 branch of the dungeon, and saw 3 of its levels.

You collected 107 gold pieces.

Inventory:

Hand Weapons
 a - a +0 long sword (weapon)
Missiles
 d - 3 throwing nets (quivered)
 e - a javelin
Armour
 b - a +0 troll leather armour (worn)
 c - a +0 helmet (worn)
 h - a +0 pair of gloves (worn)
Scrolls
 f - a scroll of identify {unknown}
 g - a scroll of revelation {unknown}
 k - a scroll of noise {unknown}
 n - a scroll of teleportation {unknown}
Potions
 i - a potion of attraction {unknown}
 j - a potion of heal wounds {unknown}
 l - a potion of brilliance {unknown}
 m - a potion of might {unknown}
 o - a potion of curing {unknown}


   Skills:
 + Level 2.3 Fighting
 * Level 3.5 Long Blades
 - Level 1.7 Throwing
 + Level 1.1 Armour
 + Level 2.8 Dodging


You had 3 spell levels left.
You didn't know any spells.
Your spell library contained the following spells:

 Spells                   Type           Power      Damage    Failure   Level
 Sandblast                Erth           0%         2d4       45%         1
 Passwall                 Tmut/Erth      0%         N/A       61%         2
 Stone Arrow              Conj/Erth      0%         3d7       83%         3
 Brom's Barrelling Bould  Conj/Erth      0%         2d3       99%         4


Dungeon Overview and Level Annotations

Branches:
Dungeon (3/15)

Altars:

Shops:
D:1 (


Innate Abilities, Weirdness & Mutations

You have extremely sharp teeth.
Your natural rate of healing is unusually fast.
When hurt, damage is shared between your health and your magic reserves.
Your bite disrupts and absorbs the magic of your enemies.
Potions cannot restore your health.


Message History

You hit the orc wizard. You bite the orc wizard.
The orc wizard's magic leaks into the air.
You drain its magic.
You feel invigorated.
The orc wizard is heavily wounded.
The orc wizard barely misses you.
You hit the orc wizard.
The orc wizard is severely wounded.
The orc wizard barely misses you.
The orc priest looks encouraged for a moment.
You hit the orc wizard.
The orc wizard is almost dead.
The orc wizard's magic is no longer disrupted.
The orc wizard hits you but does no damage.
The orc priest invokes the aid of Beogh against you.
Beogh smites you!
Ouch! That really hurt!
The orc wizard casts a spell at you. The puff of flame hits you.
* * * LOW HITPOINT WARNING * * *
A ball python comes into view.
The ball python hisses angrily.
You hit the orc wizard.
You kill the orc wizard!
You have reached level 4!
You feel stronger.
The orc priest miscasts a cantrip.
Things that are here:
a +0 dagger; a +0 robe; an orc corpse You hit the orc priest.
The orc priest is moderately wounded.
The orc priest mumbles some strange prayers to Beogh against you.
Pain shoots through your body!
Ouch! That really hurt!
* * * LOW HITPOINT WARNING * * *
The orc priest barely misses you.
You slash the orc priest! Your bite misses the orc priest.
The orc priest is severely wounded.
The orc priest invokes the aid of Beogh against you.
Beogh smites you!
You die...

........#
........####.#...
#######.##......#
#.##......#
#.##......#
#)##......#
#o##......#
#o##......#
#.@.......#
#..#......#
#.S#......#
#..#....<.#
#..######## #..#
#.[# #..#


You could see an orc priest, an orc and a ball python.

Vanquished Creatures
  An orc wizard (D:3)
  An adder (D:2)
  A dart slug (D:1)
  2 orcs (D:3)
  5 bats
  6 endoplasms
  3 giant cockroaches
  3 goblins
  A hobgoblin (D:2)
  2 kobolds (D:1)
  3 quokkas
  2 ball pythons
  A frilled lizard (D:1)
  5 rats
36 creatures vanquished.

Notes
Turn   | Place    | Note
-------+----------+-------------------------------------------
     0 | D:1      | Ivernyr the Vine Stalker Gladiator began the quest for the
                  | Orb.
     0 | D:1      | Reached XP level 1. HP: 11/11 MP: 2/2
    57 | D:1      | Reached XP level 2. HP: 15/15 MP: 3/3
    77 | D:1      | Reached skill level 3 in Long Blades
   131 | D:1      | Found a faded altar of an unknown god.
   155 | D:1      | Found Zowka's Weapon Shoppe.
   370 | D:1      | Reached XP level 3. HP: 18/18 MP: 4/4
  1359 | D:3      | Reached skill level 1 in Armour
  1367 | D:3      | Reached XP level 4. HP: 15/23 MP: 0/5
  1369 | D:3      | Killed from afar by an orc priest

Illustrated notes

Levels and vault maps discovered:
D:1:      erik_arrival_blinker_ship, layout_basic, shapermc_ecumenical_altar_gd,
          serial_shops, shop, minmay_misc_feat_cross, minmay_pentomino_z4
D:2:      layout_loops_cross, kennysheep_cross_room, hangedman_decor_riveting,
          minmay_misc_feat_alley, minmay_misc_feat_ornament,
          grunt_decor_fettered
D:3:      layout_basic, portal_sewer_entry_d, minmay_circle_x

Skill      XL: |  1  2  3 |
---------------+----------+-----
Fighting       | 2 |  2.3
Long Blades    | 3 |  3.5
Armour         | 1 |  1.1
Throwing       | |  1.7
Dodging        | |  2.8

Action                     |  1- 3 |  4- 6 || total
---------------------------+-------+-------++-------
  Melee: Long sword        |    83 |     2 ||    85
         Bite              |    15 |       ||    15
         Punch             |     2 |       ||     2
   Stab: Sleeping          |     1 |       ||     1
 Armour: Leather armour    |     3 |       ||     3
         Troll leather arm |    45 |       ||    45
  Dodge: Dodged            |    63 |     1 ||    64

Table legend: (Time is in decaauts)
 A = Elapsed time spent in this place.
 B = Non-inter-level travel time spent in this place.
 C = Inter-level travel time spent in this place.
 D = Time resting spent in this place.
 E = Time spent auto-exploring this place.
 F = Levels seen in this place.
 G = Mean time per level.
                   A        B        C        D        E       F      G
               +--------+--------+--------+--------+--------+-----+--------+
         Total |   1390 |   1367 |     23 |      0 |   1085 |   3 |  463.3 |
       Dungeon |   1390 |   1367 |     23 |      0 |   1085 |   3 |  463.3 |
               +--------+--------+--------+--------+--------+-----+--------+

Top non-repeatable levels by time:
     D:2: 752 daAuts
     D:1: 600 daAuts
     D:3: 37 daAuts
